 Dungeon Crawl Stone Soup version 0.24.0-123-gd5b16e6ec5 (webtiles) character file.

Game seed: 9847048704798505519, levelgen mode: deterministic

94 McKennaii the Conjurer (level 4, -2/33 HPs)
             Began as a Draconian Conjurer on Jan 26, 2020.
             Killed by divine providence
             ... invoked by an orc priest
              (12 damage)
             ... on level 2 of the Dungeon.
             The game lasted 00:04:12 (2378 turns).

McKennaii the Conjurer (Draconian Conjurer)         Turns: 2378, Time: 00:04:13

Health: -2/33      AC:  5    Str: 10    XL:     4   Next: 38%
Magic:  0/9        EV: 12    Int: 17    God:
Gold:   129        SH:  0    Dex: 11    Spells: 8/9 levels left

rFire    . . .     SeeInvis .   (no weapon)
rCold    . . .     Gourm    .   (no shield)
rNeg     . . .     Faith    .   (armour unavailable)
rPois    .         Spirit   .   (helmet restricted)
rElec    .         Reflect  .   (no cloak)
rCorr    +         Harm     .   (no gloves)
MR       .....                  (no boots)
Stlth    ++........             (no amulet)
HPRegen  0.11/turn              d - ring of resist corrosion
MPRegen  0.11/turn              (no ring)

@: no status effects
A: unfitting armour, cold-blooded, AC +5
a: no special abilities


You were on level 2 of the Dungeon.
You were not hungry.

You visited 1 branch of the dungeon, and saw 3 of its levels.

You collected 129 gold pieces.

Inventory:

Jewellery
 a - an uncursed ring of fire
 d - a ring of resist corrosion (left hand)
Scrolls
 c - a scroll of blinking {unknown}
 f - 4 scrolls of identify {unknown}
 g - a scroll of fear {unknown}
 i - a scroll of magic mapping {unknown}
 j - 2 scrolls of teleportation {unknown}
 m - a scroll of remove curse {unknown}
Potions
 e - a potion of resistance {unknown}
 h - a potion of berserk rage {unknown}
 k - a potion of agility {unknown}
 l - a potion of heal wounds {unknown}
Comestibles
 b - a ration
 n - a chunk of flesh


   Skills:
 + Level 2.0 Dodging
 + Level 1.9 Stealth
 * Level 3.4 Spellcasting
 + Level 4.7 Conjurations


You had 8 spell levels left.
You knew the following spells:

 Your Spells              Type           Power        Failure   Level  Hunger
a - Magic Dart            Conj           ###.         2%          1    None

Your spell library contained the following spells:

 Spells                   Type           Power        Failure   Level  Hunger
 Searing Ray              Conj           ###...       3%          2    ##.....
 Dazzling Spray           Conj/Hex       ##....       19%         3    ###....
 Iskenderun's Mystic Bla  Conj           ###.....     24%         4    ####...
 Force Lance              Conj/Tloc      ##......     54%         4    ####...
 Fulminant Prism          Conj/Hex       ##........   54%         4    ####...


Dungeon Overview and Level Annotations

Branches:
Dungeon (3/15)

Altars:


Innate Abilities, Weirdness & Mutations

Your plain brown scales are hard. (AC +5)
You cannot fit into any form of body armour.
You are cold-blooded and may be slowed by cold attacks.


Message History

The magic dart hits the orc priest but does no damage.
The orc priest is almost dead.
The orc priest barely misses you.
You barely miss the orc priest.
The orc priest is almost dead.
An orc comes into view. It is wielding a -3 club.
Unknown command.
The orc priest mumbles some strange prayers to Beogh against you.
Pain shoots through your body!
You climb upwards.
There is a stone staircase leading down here.
You closely miss the orc priest.
You tail-slap the orc priest, but do no damage.
The orc priest is almost dead.
The orc priest hits you but does no damage.
You hit the orc priest but do no damage.
The orc priest is almost dead.
The orc priest calls down the wrath of Beogh upon you.
Beogh smites you!
You die...

### ################..
#######@o...............
#.............#######...
#.............###.# #...
#.................###...
#...............<..###.#
#..............##.####.#
#####+#.................
#.#####.#####.#.##.# #.#
#.# #...##.#


You could see an orc priest.

Vanquished Creatures
  3 adders (D:2)
  4 worms (D:2)
  A dart slug (D:1)
  3 orcs
  4 goblins
  4 hobgoblins
  3 jackals (D:2)
  8 kobolds
  A quokka (D:2)
  10 bats
  8 frilled lizards
  6 rats
55 creatures vanquished.

Notes
Turn   | Place    | Note
-------+----------+-------------------------------------------
     0 | D:1      | McKennaii the Draconian Conjurer began the quest for the
                  | Orb.
     0 | D:1      | Reached XP level 1. HP: 14/14 MP: 3/3
   287 | D:1      | Reached XP level 2. HP: 20/20 MP: 0/5
  1010 | D:2      | Reached XP level 3. HP: 16/26 MP: 1/6
  1800 | D:2      | Reached XP level 4. HP: 33/33 MP: 6/8
  2378 | D:2      | Killed from afar by an orc priest

Levels and vault maps discovered:
D:1:      dpeg_arrival_erosion, layout_loops_cross
D:2:      layout_basic
D:3:      layout_loops_ring, chequers_decorated_corner

Skill      XL: |  1  2  3 |
---------------+----------+-----
Dodging        | 2 |  2.0
Spellcasting   | 3 |  3.4
Stealth        | |  1.9
Conjurations   | |  4.7

Action                   |  1- 3 |  4- 6 || total
-------------------------+-------+-------++-------
Melee: Unarmed           |    57 |     4 ||    61
       Tailslap          |     2 |     2 ||     4
 Cast: Magic Dart        |    89 |    39 ||   128
  Eat: Chunk             |     4 |     1 ||     5
Armor: Skin              |    16 |     6 ||    22
Dodge: Dodged            |    33 |     4 ||    37
